AoeStats
← EL GATO TECHERO

Arabia

509275828Analyzed
2v2 RM · 8d ago on Sep 26, 2026· 55m 59s· 4 players
Game mode
Random Map
Map size
Medium (4 player)
Population
200
Speed
Normal
Resources
Standard
Victory
Conquest
Starting age
Dark Age
Ending age
Imperial Age
RankedLock teamsTeams togetherTeam positionsShared explorationLock speedFull tech treeHidden civsTurbo modeCheats
Victory
Defeat
997
+13
🇵🇪 Magyars · Peru
830
+19
🇻🇳 Hindustanis · Vietnam
914
-16
🇨🇱 Romans · Chile
914
-16
El preñador de coneras
9:01 Loom
11:51 Feudal Age
18:42 Wheelbarrow
31:05 Castle Age
28:54 Double-Bit Axe
29:15 Fletching
29:55 Padded Archer Armor
32:09 Hand Cart
31:41 Town Watch
33:00 Bow Saw
36:08 Town Patrol
36:24 Crossbowman
40:27 Bodkin Arrow
40:48 Leather Archer Armor
41:15 Horse Collar
43:35 Ballistics
44:00 Thumb Ring
48:52 Imperial Age
48:04 Scale Barding Armor
48:10 Forging
48:40 Bloodlines
47:53 Light Cavalry
48:34 Husbandry
50:06 Chain Barding Armor
50:23 Iron Casting
50:14 Heavy Plow
50:20 Hussar
51:06 Cavalier
54:19 Chemistry
52:53 Capped Ram
56:14 Plate Barding Armor
55:40 Bracer
55:44 Arbalester
EL GATO TECHERO
10:47 Feudal Age
9:09 Loom
11:03 Feudal Age
13:52 Double-Bit Axe
22:28 Scale Barding Armor
22:20 Horse Collar
30:42 Scale Mail Armor
33:47 Castle Age
34:03 Pikeman
35:28 Bloodlines
36:05 Husbandry
38:48 Chain Mail Armor
39:28 Arson
41:32 Gold Mining
43:30 Chain Barding Armor
44:57 Corvinian Army
54:23 Wheelbarrow
53:50 Heavy Plow
✟ L¥N V ✟
6:58 Loom
31:29 Feudal Age
33:03 Double-Bit Axe
36:33 Castle Age
36:59 Fletching
38:28 Gold Mining
38:58 Bow Saw
44:01 Bodkin Arrow
congtambds
1:42 Loom
11:07 Feudal Age
11:40 Double-Bit Axe
13:16 Horse Collar
17:11 Scale Barding Armor
18:14 Gold Mining
20:34 Wheelbarrow
21:15 Bloodlines
21:52 Stone Mining
22:48 Forging
26:09 Castle Age
25:23 Scale Mail Armor
26:39 Light Cavalry
28:06 Husbandry
28:56 Padded Archer Armor
29:30 Fletching
29:56 Leather Archer Armor
36:48 Iron Casting
41:14 Imperial Age
38:59 Grand Trunk Road
40:50 Bodkin Arrow
41:18 Ballistics
41:48 Chain Mail Armor
42:20 Caravan
42:31 Bow Saw
42:58 Gold Shaft Mining
43:05 Pikeman
44:53 Conscription
46:45 Blast Furnace
46:47 Squires
49:21 Shatagni
49:23 Bracer
52:50 Ring Archer Armor
53:22 Elite Ghulam
Connection lost

Rejoining the realm…

Still unreachable

The connection could not be restored.

Session expired

The server has moved on; the page needs a fresh start.